 Dungeon Crawl Stone Soup version 0.29.0-4-gdea44cf6ec (webtiles) character file.

Game seed: 15715958515571236073

61 qw the Chopper (level 4, -1/25 (26) HPs)
             Began as a Tengu Warper on Aug 29, 2022.
             Slain by Robin
             ... wielding a +2 short sword of draining
              (4 damage)
             ... on level 3 of the Dungeon.
             The game lasted 00:00:36 (2153 turns).

qw the Chopper (Tengu Warper)                       Turns: 2153, Time: 00:00:36

HP:   -1/25 (26)    AC:  6    Str: 13    XL:     4   Next: 7%
MP:   8/8           EV:  9    Int: 13    God:
Gold: 91            SH:  0    Dex: 14    Spells: 7/7 levels left

rFire   . . .      SeeInvis .   Y - +0 hand axe
rCold   . . .      Faith    .   (no shield)
rNeg    . . .      Spirit   .   m - +0 scale mail
rPois   .          Reflect  .   (helmet restricted)
rElec   .          Harm     .   (no cloak)
rCorr   .          Rampage  .   (no gloves)
Will    .....                   (boots unavailable)
Stlth   ..........              (no amulet)
HPRegen 0.08/turn               (no ring)
MPRegen 0.11/turn               (no ring)

@: lightly drained
A: beak, talons 3
a: no special abilities


You were on level 3 of the Dungeon.
You visited 1 branch of the dungeon, and saw 3 of its levels.

You collected 91 gold pieces.


Innate Abilities, Weirdness & Mutations

You have a beak for a mouth.
You have claws for feet.


   Skills:
 - Level 2.0 Fighting
 + Level 4.6 Axes
 - Level 1.0 Throwing
 - Level 1.1 Armour
 - Level 2.1 Dodging
 - Level 2.0 Spellcasting
 - Level 2.4 Translocations


You had 7 spell levels left.
You didn't know any spells.
Your spell library contained the following spells:

 Spells                   Type           Power      Damage    Failure   Level
 Blink                    Tloc           14%        N/A       56%         2
 Gell's Gravitas          Tloc           7%         N/A       80%         3
 Lesser Beckoning         Tloc           7%         N/A       80%         3
 Teleport Other           Tloc           7%         N/A       80%         3
 Manifold Assault         Tloc           7%         N/A       100%        5

Inventory:

Hand Weapons
 e - a +0 whip
 Y - a +0 hand axe (weapon)
Armour
 m - a +0 scale mail (worn)
Scrolls
 f - a scroll of identify
Potions
 g - a potion of ambrosia {unknown}
 i - a potion of might {unknown}
 j - a potion of curing
 k - a potion of degeneration {unknown}

Dungeon Overview and Level Annotations

Branches:
Dungeon (3/15)

Altars:

Annotations:
D:3 Robin


Message History

You hit the hobgoblin.
You kill the hobgoblin!
You closely miss the goblin. x2
The goblin hits you but does no damage. The goblin hits you with a +0 dagger.
You hit the goblin.
You kill the goblin!
You barely miss the hobgoblin. You barely miss the goblin. You hit the goblin.
You kill the goblin!
A gnoll comes into view. It is wielding a +0 halberd.
The hobgoblin misses you. Robin throws the goblin at you!
The goblin hits you but does no damage.
The goblin unwields a +0 sling.
The goblin wields a +0 dagger.
The goblin hits you but does no damage.
A giant cockroach comes into view.
A dart slug comes into view.
You hit the goblin.
You kill the goblin!
You closely miss the goblin. You hit the hobgoblin but do no damage.
The hobgoblin hits you. The goblin hits you with a +0 dagger.
You have reached level 4!
You feel agile.
You hit the goblin.
You kill the goblin!
You hit the hobgoblin. You hit the goblin. You hit the hobgoblin.
The hobgoblin barely misses you. The hobgoblin closely misses you.
The goblin misses you.
You hit the hobgoblin but do no damage. Your kick misses the hobgoblin.
The hobgoblin is severely wounded.
You hit the hobgoblin.
You kill the hobgoblin!
You hit the goblin.
You kill the goblin!
You hit Robin but do no damage. The gnoll barely misses you.
Robin hits you with a +2 short sword of draining.
You feel drained.
The hobgoblin hits you but does no damage.
A giant cockroach comes into view.
You hit the hobgoblin. Your kick misses the hobgoblin.
The hobgoblin is almost dead.
You hit Robin.
Robin hits you with a +2 short sword of draining.
You die...

#.# #.........
#.# #.........
#.####.........
#.#............
#.##.##........
#....#.######
#..#.#.#
#))).#.#
#.@.##.#
#g)g......
.g....#.###
#...B...# .B
#...g...# #
.w........
#........###
#....#...#


You could see Robin, 2 gnolls, a dart slug, 2 giant cockroaches and a hobgoblin
(strong).

Vanquished Creatures
  An adder (D:2)
  A dart slug (D:1)
  4 ball pythons
  2 bats
  6 endoplasms
  3 giant cockroaches
  8 goblins
  5 hobgoblins
  3 jackals (D:1)
  2 quokkas (D:2)
  A frilled lizard (D:1)
  A kobold (D:1)
  6 rats
43 creatures vanquished.

Notes
Turn   | Place    | Note
-------+----------+-------------------------------------------
     0 | D:1      | qw the Tengu Warper began the quest for the Orb.
     0 | D:1      | Reached XP level 1. HP: 12/12 MP: 4/4
     0 | D:1      | 0 ||| qw: Version: 0.1-a-89-g26bdef1
     0 | D:1      | 0 ||| qw: Game counter: 3507
     0 | D:1      | 0 ||| qw: Always use a shield: true
     0 | D:1      | 0 ||| qw: God list: Okawaru
     0 | D:1      | 0 ||| qw: Allow faded altars: false
     0 | D:1      | 0 ||| qw: Do Orc after D:15 true
     0 | D:1      | 0 ||| qw: Do second Lair branch before Depths: true
     0 | D:1      | 0 ||| qw: Lair rune preference: random
     0 | D:1      | 0 ||| qw: Plans: Normal
     0 | D:1      | 0 ||| PLANNING D:1-11
   310 | D:1      | Reached XP level 2. HP: 17/17 MP: 6/6
   337 | D:1      | Reached skill level 3 in Axes
  1211 | D:1      | 1211 ||| Stepping ~*~*~tactically~*~*~ (hiding).
  1221 | D:1      | Reached XP level 3. HP: 20/21 MP: 7/7
  1242 | D:1      | Found a faded altar of an unknown god.
  1420 | D:1      | 1420 ||| UPGRADING to +0 ring mail.
  1430 | D:1      | 1430 ||| DROPPING +0 leather armour.
  1431 | D:1      | 1431 ||| UPGRADING to +0 scale mail.
  1441 | D:1      | 1441 ||| DROPPING +0 ring mail.
  1442 | D:1      | 1442 ||| READING scroll labelled RUAFAK COUHY.
  1443 | D:1      | 1443 ||| READING 2 scrolls labelled MOUTOT FUULU.
  1444 | D:1      | 1444 ||| READING 2 scrolls labelled RAKHIWO UKEGO.
  1445 | D:1      | 1445 ||| DRINKING 2 amethyst potions.
  1446 | D:1      | 1446 ||| DROPPING scroll of blinking.
  1447 | D:1      | 1447 ||| DROPPING scroll of immolation.
  1540 | D:2      | 1540 ||| Stepping ~*~*~tactically~*~*~ (stealth).
  1650 | D:2      | Reached skill level 4 in Axes
  2074 | D:2      | 2074 ||| READING scroll labelled TAMEHY OTZUIL.
  2077 | D:2      | 2077 ||| READING 2 scrolls labelled BUGRIT TAEKKO.
  2078 | D:2      | 2078 ||| READING 2 scrolls of identify.
  2078 | D:2      | 2078 ||| IDENTIFYING clear potion
  2079 | D:2      | 2079 ||| DROPPING scroll of amnesia.
  2080 | D:2      | 2080 ||| DROPPING potion of flight.
  2143 | D:3      | Identified the +0 helmet "Lajymim" {Fly rPois SInv}
  2143 | D:3      | Noticed Robin
  2151 | D:3      | Reached XP level 4. HP: 8/26 MP: 8/8
  2152 | D:3      | HP: 3/26 [Robin/+2 short sword of draining (5)]
  2153 | D:3      | Slain by Robin

Levels and vault maps discovered:
D:1:      lightli_iron_boxes, layout_loops_corners,
          shapermc_ecumenical_altar_mp_highgroup
D:2:      layout_loops_cross
D:3:      layout_basic, mainiacjoe_overflow_surrounded_room, uniq_robin,
          uniq_ijyb

Skill      XL: |  1  2  3 |
---------------+----------+-----
Axes           | 3 4 |  4.6
Fighting       | |  2.0
Throwing       | |  1.0
Armour         | |  1.1
Dodging        | |  2.1
Spellcasting   | |  2.0
Translocations | |  2.4

Action                   |  1- 3 |  4- 6 || total
-------------------------+-------+-------++-------
Melee: Hand axe          |    80 |     3 ||    83
       Kick              |    18 |       ||    18
       Peck              |    10 |       ||    10
Throw: Boomerang         |     7 |       ||     7
  Use: Scroll            |     6 |       ||     6
       Potion            |     1 |       ||     1
Armor: Leather armour    |    16 |       ||    16
       Scale mail        |    12 |     1 ||    13
Dodge: Dodged            |    48 |     4 ||    52

Table legend:
 A = Non-vault XP
 B = Vault XP
 C = Vault XP percentage of total XP
 D = Non-vault monster count
 E = Vault monster count
 F = Vault count percentage of total count
                 A         B        C        D         E       F
            +---------+---------+-------+---------+---------+-------
      Total |      73 |      15 |  17.0 |      34 |       9 |  20.9
            +---------+---------+-------+---------+---------+-------
        D:1 |      37 |       0 |   0.0 |      20 |       0 |   0.0
        D:2 |      34 |       0 |   0.0 |      13 |       0 |   0.0
        D:3 |       2 |      15 |  88.2 |       1 |       9 |  90.0
            +---------+---------+-------+---------+---------+-------
